 Dungeon Crawl Stone Soup version 0.21.1-1-g345015f (webtiles) character file.

39 sking99 the Shield-Bearer (level 3, -2/23 HPs)
             Began as a Gargoyle Fighter on June 14, 2018.
             Slain by Sigmund
             ... wielding a +0 scythe
              (3 damage)
             ... on level 3 of the Dungeon.
             The game lasted 00:08:12 (1473 turns).

sking99 the Shield-Bearer (Gargoyle Fighter)        Turns: 1473, Time: 00:08:12

Health: -2/23      AC: 11    Str: 25    XL:     3   Next: 47%
Magic:  3/3        EV:  7    Int:  8    God:
Gold:   111        SH: 11    Dex:  9    Spells: 2/2 levels left

rFire    . . .     SeeInvis .   a - +1 flail
rCold    . . .     Gourm    .   o - +2 shield
rNeg     + . .     Faith    .   b - +0 scale mail
rPois    ∞         Spirit   .   (no helmet)
rElec    +         Reflect  .   (no cloak)
rCorr    .         Harm     .   (no gloves)
MR       .....                  n - +0 pair of boots
Stlth    ..........             (no amulet)
HPRegen  0.07/turn              (no ring)
MPRegen  0.08/turn              (no ring)

@: mighty
A: negative energy resistance 1, electricity resistance, unbreathing,
petrification resistance, rot immunity, AC +3
a: no special abilities


You were on level 3 of the Dungeon.
You were not hungry.

You visited 1 branch of the dungeon, and saw 4 of its levels.

You collected 111 gold pieces.

Inventory:

Hand Weapons
 a - a +1 flail (weapon)
Armour
 b - a +0 scale mail (worn)
 c - a +0 shield
 n - a +0 pair of boots (worn)
 o - a +2 shield (worn)
Jewellery
 l - an uncursed ring of magical power {unknown}
 p - an uncursed ring of protection from cold {unknown}
Scrolls
 g - 2 scrolls of identify
 h - 2 scrolls of remove curse
 m - a scroll of magic mapping
Potions
 e - a potion of brilliance {unknown}
 i - a potion of degeneration {unknown}
 k - a potion of resistance {unknown}
 q - 2 potions of flight
 s - a potion of magic {unknown}
Comestibles
 f - 5 rations


   Skills:
 + Level 3.5 Fighting
 * Level 2.8 Maces & Flails
 + Level 3.6 Armour
 + Level 0.2 Dodging
 + Level 3.6 Shields


You had 2 spell levels left.
You didn't know any spells.

Dungeon Overview and Level Annotations

Branches:
Dungeon (4/15)
 Temple: D:4-7

Altars:
Nemelex Xobeh
Uskayaw
Xom

Annotations:
D:3 Sigmund


Innate Abilities, Weirdness & Mutations

You are resistant to torment.
Your stone body is resilient. (AC +3)
You are immune to poison.
You resist negative energy. (rN+)
You are resistant to electric shocks. (rElec)
You can survive without breathing.
You are immune to petrification.
You are immune to rotting.


Message History

As you read the scroll labeled XOYG BAAQOWE, it crumbles to dust.
You hear a loud clanging noise!
It was a scroll of noise.
You hear a shout!
You feel very mighty all of a sudden. Something hits you but does no damage.
You block something's attack.
You completely miss something. Something hits you but does no damage.
You sock something! You closely miss something.
Something completely misses you.
You miss something. Something hits you.
* * * LOW HITPOINT WARNING * * *
You miss something.
You hear some strange, mumbled words.
A magic dart appears from out of thin air!
The magic dart hits you!
You miss something. Something hits you.
* * * LOW HITPOINT WARNING * * *
You miss something. Something hits you.
You die...

**#.##..# ##..#.#....
#.##..# #...#...... ##.##†##
###.#†....#..
#.....####............
#.....##...#..........
#..................._.
#............#........
#...<{................
##....@................
#.....>................
*****#..##..................
*,,,....,##...#............,
*,,.....,*######.........***
*,,....,,* #.........*
*,,,,,,,,* ##########*
*,,,,,,,,* **********


There were no monsters in sight!

Vanquished Creatures
  An adder (D:3)
  An ooze (D:2)
  A dart slug (D:1)
  A leopard gecko (D:2)
  An orc (D:3)
  A ball python (D:2)
  A giant cockroach (D:1)
  2 goblins
  3 hobgoblins
  2 quokkas
  2 bats (D:2)
  A frilled lizard (D:1)
  2 kobolds
  3 rats
22 creatures vanquished.

Notes
Turn   | Place    | Note
-------+----------+-------------------------------------------
     0 | D:1      | sking99 the Gargoyle Fighter began the quest for the Orb.
     0 | D:1      | Reached XP level 1. HP: 14/14 MP: 1/1
   536 | D:1      | Reached XP level 2. HP: 19/19 MP: 2/2
   789 | D:2      | Found a shimmering altar of Xom.
   791 | D:2      | Found a shimmering altar of Xom.
   791 | D:2      | Found a shattered altar of Ashenzari.
   802 | D:2      | Found an opulent altar of Gozag.
   802 | D:2      | Found a shattered altar of Ashenzari.
   802 | D:2      | Found an ornate altar of the Wu Jian Council.
   900 | D:2      | Found a sparkling altar of Nemelex Xobeh.
  1122 | D:2      | Reached XP level 3. HP: 23/23 MP: 3/3
  1366 | D:3      | Found a hide-covered altar of Uskayaw.
  1424 | D:3      | Noticed Sigmund
  1451 | D:4      | Noticed an ogre
  1472 | D:3      | HP: 1/23 [something (2)]
  1473 | D:3      | Slain by Sigmund

Action                   || total
-------------------------++-------
Melee: Flail             ||    99
  Use: Scroll            ||     5
       Potion            ||     1
  Eat: Ration            ||     1
Armor: Scale mail        ||    46
Dodge: Dodged            ||    31
Block: Shield            ||    53
